 Dungeon Crawl Stone Soup version 0.31.0-1-g2c135a0 (webtiles) character file.

Game seed: 6911138941595777661

6328 jagoly the Cleaver (level 10, -13/63 (64) HPs)
             Began as a Gargoyle Monk on Jan 27, 2024.
             Was a Priest of the Shining One.
             Mangled by a spectral orc warlord
             ... wielding a +0 bardiche
             ... summoned by Nergalle
              (16 damage)
             ... on level 10 of the Dungeon.
             The game lasted 00:50:24 (4901 turns).

jagoly the Cleaver (Gargoyle Monk)                  Turns: 4901, Time: 00:50:24

HP:   -13/63 (64)   AC: 15    Str: 20    XL:     10   Next: 95%
MP:   0/11          EV: 12    Int: 10    God:    the Shining One [***...]
Gold: 647           SH:  7    Dex: 12    Spells: 9/9 levels left

rFire   . . .        O - +5 hand axe
rCold   + . .        d - orb {light}
rNeg    + + .        s - +1 ring mail {rC+}
rPois   ∞            g - +0 helmet
rElec   +            H - scarf {repulsion}
rCorr   .            (no gloves)
SInv    .            (no boots)
Will    ++...        o - amulet of guardian spirit
Stlth   +            C - ring of willpower
HPRegen 0.30/turn    D - ring of willpower
MPRegen 0.12/turn

%: repel missiles, guardian spirit
@: divinely shielded, glowing, lightly drained
A: sickness immunity, AC +7, negative energy resistance 1, electricity
resistance, torment resistance 1, petrification resistance
a: Renounce Religion, Divine Shield, Cleansing Flame


You were on level 10 of the Dungeon.
You worshipped the Shining One.
The Shining One was most pleased with you.
You visited 2 branches of the dungeon, and saw 13 of its levels.
You also visited: Sewer.

You collected 647 gold pieces.

Inventory:

Hand Weapons
 a - a +0 hand axe
 j - a +0 sling
 p - a +0 war axe
 J - a +0 morningstar
 O - a +5 hand axe (weapon)
 P - a +3 trident
 Q - a +1 war axe
 R - a +0 eveningstar
Missiles
 f - 29 stones (quivered)
 v - 39 poisoned darts
 L - a boomerang
Armour
 b - a +0 robe
 d - an orb of light (worn)
 g - a +0 helmet (worn)
 s - a +1 ring mail of cold resistance (worn)
 H - a scarf of repulsion (worn)
 N - a +0 plate armour
Jewellery
 o - an amulet of guardian spirit (around neck)
 C - a ring of willpower (left hand)
 D - a ring of willpower (right hand)
Wands
 M - a wand of digging (8)
 T - a wand of mindburst (9)
Scrolls
 i - a scroll of teleportation {unknown}
 k - 2 scrolls of blinking
 r - 3 scrolls of noise
 t - 2 scrolls of revelation
 y - 2 scrolls of fear
 z - a scroll of enchant weapon {unknown}
 A - a scroll of enchant armour {unknown}
 E - a scroll of brand weapon {unknown}
 F - 3 scrolls of vulnerability
 G - a scroll of torment {unknown}
 U - a scroll of identify
 W - a scroll of poison {unknown}
Potions
 e - a potion of cancellation {unknown}
 h - a potion of lignification {unknown}
 l - a potion of might {unknown}
 m - a potion of attraction {unknown}
 n - a potion of degeneration {unknown}
 q - 4 potions of curing
 w - a potion of heal wounds
 x - 3 potions of enlightenment
 I - 2 potions of brilliance
 K - a potion of resistance {unknown}
 S - 2 potions of mutation {unknown}
 V - a potion of magic {unknown}


   Skills:
 + Level 8.2 Fighting
 * Level 11.5 Axes
 - Level 2.0 Throwing
 + Level 6.4 Armour
 + Level 4.2 Dodging
 - Level 2.0 Stealth
 - Level 2.0 Invocations


You had 9 spell levels left.
You didn't know any spells.
Your spell library contained the following spells:

 Spells                   Type           Power      Damage    Failure   Level
 Apportation              Tloc           0%         N/A       52%         1
 Magic Dart               Conj           0%         1d3       52%         1
 Necrotise                Necr           0%         1d4       52%         1
 Sting                    Conj/Alch      0%         1d3       52%         1
 Summon Small Mammal      Summ           0%         N/A       52%         1
 Blink                    Tloc           0%         N/A       65%         2
 Call Imp                 Summ           0%         N/A       65%         2
 Lesser Beckoning         Tloc           0%         N/A       65%         2
 Momentum Strike          Conj/Tloc      0%         3d8       65%         2
 Leda's Liquefaction      Alch/Erth      0%         N/A       99%         4
 Lee's Rapid Deconstruct  Erth           0%         3d4*      100%        5
 Bombard                  Conj/Erth      0%         9d1       100%        6


Dungeon Overview and Level Annotations

Branches:
Dungeon (12/15) Zot: 26216  Temple (1/1) D:6 Zot: 5847    Lair (0/5) D:10
  Sewer (visited)
    Orc: D:9-12

Altars:
Ashenzari
Dithmenos
Elyvilon
Gozag
Kikubaaqudgha
Makhleb
Okawaru
Qazlal
Ru
Trog
Uskayaw
Vehumet
Wu Jian
Xom
Yredelemnul
Zin
The Shining One

Shops:
D:1 !   D:2 :   D:10 :

Annotations:
D:10 Nergalle


Innate Abilities, Weirdness & Mutations

You are immune to sickness and miasma.
Your stone body is resilient. (AC +7)
You are immune to poison.
You resist negative energy. (rN+)
You are resistant to electric shocks. (rElec)
You are resistant to unholy torment.
You are immune to petrification.


Message History

v - 31 poisoned darts (gained 1)
v - 36 poisoned darts (gained 5)
v - 37 poisoned darts (gained 1)
There is an open door here.
v - 38 poisoned darts (gained 1)
v - 39 poisoned darts (gained 1)
There is an open door here.
O - a +5 hand axe (weapon)
Magic restored.
Things that are here:
a +0 giant club; a +0 giant club; a two-headed ogre corpse Search for what [Enter for "."]? weapo Magic restored.
Search for what [Enter for "weapo", or ? for help]? shield Unknown command.
There is a stone staircase leading down here.
You climb downwards.
There is a stone staircase leading up here.
As you open the door, it creaks loudly!
There is an open door here.
Found a potion of curing.
An acid dragon and a komodo dragon come into view.
The acid dragon roars!
The komodo dragon hisses angrily.
The acid dragon spits acid at you. The splash of acid hits you.
There is a stone staircase leading up here.
Throw: 29 stones
Press: ? - help, Q - select action, (/) - cycle Shift-Dir - straight line, f - acid dragon
Aim: an acid dragon (60% to hit)
You throw a stone.
The stone closely misses the acid dragon.
Throw: 28 stones
Press: ? - help, Q - select action, (/) - cycle Shift-Dir - straight line, f/p - acid dragon
Aim: an acid dragon (haloed, 79% to hit)
You throw a stone.
The stone barely misses the acid dragon.
The acid dragon spits acid at you. The splash of acid misses you.
Throw: 27 stones
Press: ? - help, Q - select action, (/) - cycle Shift-Dir - straight line, f/p - acid dragon
Aim: an acid dragon (catching its breath, haloed, 79% to hit)
You throw a stone.
The stone hits the acid dragon but does no damage.
You climb upwards.
There is a stone staircase leading down here.
Found 3 stones.
Found 25 gold pieces.
f - 29 stones (gained 3)
You now have 501 gold pieces (gained 25).
HP restored.
You open the door. You open the door.
Found 23 gold pieces.
There is an open door here.
You now have 524 gold pieces (gained 23).
There is an open door here.
Found a stone staircase leading up.
There is a stone staircase leading up here.
You climb upwards.
There is a stone staircase leading down here.
Found 6 gold pieces.
Found a stone staircase leading down.
A centaur comes into view.
The centaur shouts!
The centaur wields a +0 shortbow.
The centaur shoots an arrow.
The arrow misses you.
You see here 6 gold pieces.
You now have 530 gold pieces (gained 6).
The centaur shoots an arrow.
The arrow hits you!
The centaur shoots an arrow.
The arrow is repelled.
A wyvern comes into view.
The wyvern hisses angrily.
There is a stone staircase leading down here.
You hit the centaur.
The centaur is lightly wounded.
The centaur unwields a +0 shortbow.
The centaur barely misses you. The centaur completely misses you.
You hit the centaur.
The centaur is heavily wounded.
The centaur hits you but does no damage.
The centaur kicks you but does no damage.
You slash the centaur!
You kill the centaur!
The wyvern bites you.
Things that are here:
a +0 shortbow; a centaur corpse You hit the wyvern.
The wyvern is lightly wounded.
The wyvern barely misses you.
You slash the wyvern!
The wyvern is severely wounded.
The wyvern bites you.
You hit the wyvern but do no damage.
The wyvern is heavily wounded.
The wyvern bites you but does no damage.
You slash the wyvern!
You kill the wyvern!
Training target 2.0 for Invocations reached!
Your Invocations skill increases to level 2!
No target in view!
No target in view!
T - a +0 shortbow You drop a +0 shortbow.
Found 17 gold pieces.
Things that are here:
a +0 shortbow; a centaur corpse
There is a stone staircase leading down here.
You climb downwards.
There is a stone staircase leading up here.
You climb upwards.
There is a stone staircase leading down here.
You now have 547 gold pieces (gained 17).
A killer bee comes into view.
The killer bee buzzes angrily.
The killer bee buzzes angrily.
The killer bee closely misses you.
The killer bee stings you but does no damage.
The killer bee barely misses you.
The killer bee attacks as it pursues you!
The killer bee closely misses you.
The killer bee stings you but does no damage.
The killer bee attacks as it pursues you!
The killer bee misses you. The killer bee stings you.
You hit the killer bee.
The killer bee is moderately wounded.
The killer bee barely misses you.
You slash the killer bee!
The killer bee is almost dead.
The killer bee misses you. The killer bee closely misses you.
You hit the killer bee.
You kill the killer bee!
You closely miss the killer bee.
The killer bee stings you but does no damage. x2
You slash the killer bee!
The killer bee is severely wounded.
The killer bee barely misses you.
You slash the killer bee!
You kill the killer bee!
No target in view!
No target in view!
Things that are here:
a killer bee corpse; a killer bee corpse
Found 16 gold pieces.
You now have 563 gold pieces (gained 16).
Found 18 gold pieces.
You now have 581 gold pieces (gained 18).
Found 25 gold pieces.
Found a viscous golden potion.
Found a scroll labelled SOGEM GASI.
Found 17 gold pieces.
You now have 606 gold pieces (gained 25).
Found 14 gold pieces.
An orc comes into view. It is wielding a +0 hand axe.
Found 10 gold pieces.
Found 3 scrolls of identify.
An orc wizard and an orc come into view.
The orc shouts!
The orc wizard gestures at you while chanting.
The puff of flame hits you but does no damage.
An orc comes into view. It is wielding a +0 hand axe.
Found a twisted brass wand.
You see here 17 gold pieces.
You now have 623 gold pieces (gained 17).
The orc wizard gestures wildly while chanting.
The orc wizard flickers and vanishes!
Deactivating autopickup; reactivate with Ctrl-A.
You see here 10 gold pieces.
You now have 633 gold pieces (gained 10).
You hit the orc.
The orc is lightly wounded.
You barely miss the orc.
The orc is lightly wounded.
You hit the orc but do no damage. You hit the orc but do no damage.
The orc is lightly wounded.
You hit the orc. The orc hits you but does no damage.
The orc hits you with a +0 hand axe.
You hit the orc but do no damage.
The orc is heavily wounded.
You hit the orc. You slash the orc!
You kill the orc!
The orc closely misses you.
You hit the orc.
The orc is heavily wounded.
You hit the orc.
You kill the orc!
You closely miss the orc wizard. The orc barely misses you.
You slash the orc!
You kill the orc!
You hit the orc wizard.
The orc wizard hits you with a +0 dagger.
You hit the orc wizard.
The orc wizard is severely wounded.
The orc wizard hits you but does no damage.
You barely miss the orc wizard.
The orc wizard is severely wounded.
The orc wizard hits you but does no damage.
You slash the orc wizard!
You kill the orc wizard!
Reactivating autopickup.
No target in view!
No target in view!
Press: ? - help, v - describe, . - travel, g - get item Item here: 14 gold pieces.
The floor.
This square is lit by a halo.
Things that are here:
a +0 hand axe; a +0 leather armour You now have 647 gold pieces (gained 14).
Magic restored.
Unknown command.
HP restored.
T - a wand of mindburst (9)
U - 3 scrolls of identify
V - a viscous golden potion
W - a scroll labelled SOGEM GASI
As you read the scroll of identify, it crumbles to dust.
c - 3 potions of invisibility
As you read the scroll of identify, it crumbles to dust.
I - 2 potions of brilliance Autopickup disabled for 2 items.
You drop 3 potions of invisibility.
You drop 2 scrolls of amnesia.
Found a scroll of vulnerability.
F - 3 scrolls of vulnerability (gained 1)
Found a granite talisman.
A bullfrog comes into view.
The bullfrog gives a loud, deep croak!
You see here a granite talisman.
The bullfrog hits you.
The bullfrog hits you but does no damage.
You hit the bullfrog.
The bullfrog is lightly wounded.
The bullfrog hits you.
You slash the bullfrog!
The bullfrog is severely wounded.
The bullfrog hits you but does no damage.
You slash the bullfrog!
You kill the bullfrog!
No target in view!
There is a stone staircase leading down here.
You climb downwards.
There is a stone staircase leading up, spattered with blood here.
Found a chain mail.
Found Ecresk's Book Boutique.
There is an entrance to Ecresk's Book Boutique here.
An unseen horror comes into view.
As you open the door, it creaks loudly!
Nergalle the Soulbinder comes into view.
She is wielding a +0 dagger and wearing a +1 robe of willpower.
Nergalle shouts!
Found a scroll of blinking.
Throw: dart (curare)
Press: ? - help, Shift-Dir - straight line, f - Nergalle
Aim: Nergalle, wielding a +0 dagger and wearing a +1 robe of willpower (haloed, 75% to hit)
You throw a curare-tipped dart. The curare-tipped dart hits Nergalle.
Nergalle is poisoned.
Nergalle struggles to breathe.
Nergalle seems to slow down.
Nergalle is lightly wounded.
The unseen horror hits you.
You close the door.
The unseen horror barely misses you.
Your shield is strengthened by the Shining One's divine power.
The unseen horror closely misses you.
Cleave: O) +5 hand axe
Press: ? - help, Dir - move target, f - unseen horror
Aim: an unseen horror (slightly transparent, haloed, about 15% to evade your +5 hand axe)
You completely miss the unseen horror. The unseen horror misses you.
Nergalle opens the door.
Found a chain mail.
The unseen horror misses you.
The unseen horror hits you but does no damage.
There is an open door here.
Cleave: O) +5 hand axe
Press: ? - help, Dir - move target, f - Nergalle, p - unseen horror
Aim: Nergalle, wielding a +0 dagger and wearing a +1 robe of willpower (lightly wounded, poisoned, slow, haloed, about 18% to evade your +5 hand axe)
You hit Nergalle.
Nergalle is lightly wounded.
You hit the unseen horror.
The unseen horror hits you but does no damage.
Nergalle says, "THAT's why.
How awful.
You!"
Nergalle closely misses you.
Cleave: O) +5 hand axe
Press: ? - help, Dir - move target, f/p - Nergalle
Aim: Nergalle, wielding a +0 dagger and wearing a +1 robe of willpower (moderately wounded, poisoned, slow, haloed, about 18% to evade your +5 hand axe)
You hit Nergalle.
Nergalle is moderately wounded.
You hit the unseen horror. The unseen horror closely misses you.
Cleave: O) +5 hand axe
Press: ? - help, Dir - move target, f/p - Nergalle
Aim: Nergalle, wielding a +0 dagger and wearing a +1 robe of willpower (moderately wounded, poisoned, slow, haloed, about 18% to evade your +5 hand axe)
You hit Nergalle.
Nergalle is moderately wounded.
The unseen horror barely misses you. Nergalle casts a spell at you.
Orcish apparitions take form around you.
Cleave: O) +5 hand axe
Press: ? - help, Dir - move target, f/p - Nergalle
Aim: Nergalle, wielding a +0 dagger and wearing a +1 robe of willpower (moderately wounded, poisoned, slow, haloed, about 18% to evade your +5 hand axe)
You hit Nergalle but do no damage.
Nergalle is moderately wounded.
You barely miss the unseen horror. The unseen horror closely misses you.
The unseen horror hits you.
Cleave: O) +5 hand axe
Press: ? - help, Dir - move target, f/p - Nergalle
Aim: Nergalle, wielding a +0 dagger and wearing a +1 robe of willpower (moderately wounded, poisoned, slow, haloed, about 18% to evade your +5 hand axe)
You completely miss Nergalle.
Nergalle is moderately wounded.
You hit the unseen horror. The unseen horror hits you.
Nergalle hits you but does no damage.
Cleave: O) +5 hand axe
Press: ? - help, Dir - move target, f/p - Nergalle
Aim: Nergalle, wielding a +0 dagger and wearing a +1 robe of willpower (moderately wounded, poisoned, slow, haloed, about 18% to evade your +5 hand axe)
You barely miss Nergalle.
Nergalle is moderately wounded.
You hit the spectral orc warrior but do no damage.
You completely miss the unseen horror. The unseen horror hits you.
The spectral orc warrior hits you but does no damage.
Nergalle hits you but does no damage.
Cleave: O) +5 hand axe
Press: ? - help, Dir - move target, f/p - Nergalle
Aim: Nergalle, wielding a +0 dagger and wearing a +1 robe of willpower (moderately wounded, poisoned, slow, haloed, about 18% to evade your +5 hand axe)
You hit Nergalle.
Nergalle is moderately wounded.
You hit the spectral orc warrior but do no damage.
Nergalle looks more healthy.
The spectral orc warrior hits you but does no damage.
Cleave: O) +5 hand axe
Press: ? - help, Dir - move target, f/p - Nergalle
Aim: Nergalle, wielding a +0 dagger and wearing a +1 robe of willpower (moderately wounded, slow, haloed, about 18% to evade your +5 hand axe)
You hit Nergalle.
Nergalle is heavily wounded.
You hit the spectral orc warrior.
You hit the unseen horror but do no damage.
The unseen horror hits you!
Cleave: O) +5 hand axe
Press: ? - help, Dir - move target, f/p - Nergalle
Aim: Nergalle, wielding a +0 dagger and wearing a +1 robe of willpower (heavily wounded, slow, haloed, about 18% to evade your +5 hand axe)
You barely miss Nergalle.
Nergalle is heavily wounded.
You hit the spectral orc warrior but do no damage.
The unseen horror hits you.
The spectral orc warrior hits you but does no damage.
Nergalle casts a spell at you.
Orcish apparitions take form around you.
Cleave: O) +5 hand axe
Press: ? - help, Dir - move target, f/p - Nergalle
Aim: Nergalle, wielding a +0 dagger and wearing a +1 robe of willpower (moderately wounded, slow, haloed, about 18% to evade your +5 hand axe)
You hit Nergalle.
Nergalle is heavily wounded.
You hit the spectral orc warlord.
You hit the spectral orc warrior but do no damage.
You hit the unseen horror but do no damage.
The unseen horror hits you but does no damage. x2
The spectral orc warrior barely misses you.
Cleave: O) +5 hand axe
Press: ? - help, Dir - move target, f/p - Nergalle
Aim: Nergalle, wielding a +0 dagger and wearing a +1 robe of willpower (heavily wounded, slow, haloed, about 18% to evade your +5 hand axe)
You hit Nergalle but do no damage.
Nergalle is heavily wounded.
You hit the spectral orc warlord.
You hit the spectral orc warrior but do no damage.
You hit the unseen horror.
The unseen horror hits you but does no damage.
Nergalle hits you with a +0 dagger.
The spectral orc warlord hits you with a +0 bardiche!
* * * LOW HITPOINT WARNING * * *
Press: ? - help, v - describe, . - travel
Here: a spectral orc warlord, wielding a +0 bardiche and wearing a +0 chain mail (lightly damaged, summoned, haloed)
The floor.
Unknown command.
Okay, then.
Aiming: Mindburst
Press: ? - help, Shift-Dir - straight line, f/p - Nergalle
Aim: Nergalle, wielding a +0 dagger and wearing a +1 robe of willpower (heavily wounded, slow, haloed, chance to affect: 6%)
Okay, then.
Unknown command.
Okay, then.
Okay, then.
Okay, then.
Okay, then.
Okay, then.
Okay, then.
Okay, then.
Okay, then.
Okay, then.
Okay, then.
Unknown command.
Press: ? - help, v - describe, . - travel
Here: a spectral orc warlord, wielding a +0 bardiche and wearing a +0 chain mail (lightly damaged, summoned, haloed)
The floor.
Unknown command.
Unknown command.
Press: ? - help, v - describe, . - travel
Here: Nergalle, wielding a +0 dagger and wearing a +1 robe of willpower (heavily wounded, slow, haloed)
The floor, spattered with blood.
You are illuminated by a divine halo.
You are shielded by the power of the Shining One.
You are glowing.
Your movement speed is average.
Your attack delay is about 0.7.
Your damage rating with your +5 hand axe is about 17 (Base 7 x 125% (Str) x 139% (Skill) + 5 (Ench)).
Unknown command.
Okay, then.
Unknown command.
The unseen horror barely misses you. Nergalle casts a spell at you.
The bolt of negative energy hits the spectral orc warlord.
The spectral orc warlord completely resists.
The bolt of negative energy hits you. You partially resist.
You feel drained.
* * * LOW HITPOINT WARNING * * *
Unknown command.
Blink to where?
Press: ? - help, Dir - move target, p - Nergalle
As you read the scroll of blinking, it crumbles to dust.
Nergalle is no longer moving slowly.
The spectral orc warlord hits you from afar with a +0 bardiche!!
* * * LOW HITPOINT WARNING * * *
Press: ? - help, v - describe, . - travel
Here: a spectral orc warlord, wielding a +0 bardiche and wearing a +0 chain mail (summoned, haloed)
An open door.
Cleave: O) +5 hand axe
Press: ? - help, Dir - move target, f - Nergalle
Aim: Nergalle, wielding a +0 dagger and wearing a +1 robe of willpower (heavily wounded, haloed, about 18% to evade your +5 hand axe)
You hit Nergalle but do no damage.
Nergalle is heavily wounded.
Nergalle hits you but does no damage.
The spectral orc warlord barely misses you.
Cleave: O) +5 hand axe
Press: ? - help, Dir - move target, f/p - Nergalle
Aim: Nergalle, wielding a +0 dagger and wearing a +1 robe of willpower (heavily wounded, haloed, about 18% to evade your +5 hand axe)
You hit Nergalle.
Nergalle is heavily wounded.
Nergalle hits you but does no damage.
Cleave: O) +5 hand axe
Press: ? - help, Dir - move target, f/p - Nergalle
Aim: Nergalle, wielding a +0 dagger and wearing a +1 robe of willpower (heavily wounded, haloed, about 18% to evade your +5 hand axe)
You hit Nergalle but do no damage.
Nergalle is heavily wounded.
The spectral orc warlord closely misses you.
Cleave: O) +5 hand axe
Press: ? - help, Dir - move target, f/p - Nergalle
Aim: Nergalle, wielding a +0 dagger and wearing a +1 robe of willpower (heavily wounded, haloed, about 18% to evade your +5 hand axe)
You slash Nergalle!
Nergalle is severely wounded.
Nergalle casts a spell at you. The bolt of negative energy misses you.
The spectral orc warlord closely misses you.
Cleave: O) +5 hand axe
Press: ? - help, Dir - move target, f/p - Nergalle
Aim: Nergalle, wielding a +0 dagger and wearing a +1 robe of willpower (severely wounded, haloed, about 18% to evade your +5 hand axe)
You hit Nergalle but do no damage.
Nergalle is severely wounded.
Nergalle grimaces horribly.
Nergalle hits you but does no damage.
Cleave: O) +5 hand axe
Press: ? - help, Dir - move target, f/p - Nergalle
Aim: Nergalle, wielding a +0 dagger and wearing a +1 robe of willpower (severely wounded, haloed, about 18% to evade your +5 hand axe)
You hit Nergalle but do no damage.
Nergalle is severely wounded.
The spectral orc warlord hits you from afar with a +0 bardiche.
* * * LOW HITPOINT WARNING * * *
Nergalle casts a spell at you.
Orcish apparitions take form around you.
Cleave: O) +5 hand axe
Press: ? - help, Dir - move target, f/p - Nergalle
Aim: Nergalle, wielding a +0 dagger and wearing a +1 robe of willpower (severely wounded, haloed, about 18% to evade your +5 hand axe)
You slash Nergalle!
Nergalle is almost dead.
The spectral orc warlord hits you from afar with a +0 bardiche!
* * * LOW MAGIC WARNING * * *
The Shining One protects you from harm!
Cleave: O) +5 hand axe
Press: ? - help, Dir - move target, f/p - Nergalle
Aim: Nergalle, wielding a +0 dagger and wearing a +1 robe of willpower (almost dead, haloed, about 18% to evade your +5 hand axe)
You hit Nergalle but do no damage.
Nergalle is almost dead.
Nergalle hits you but does no damage. The spectral orc warlord misses you.
Cleave: O) +5 hand axe
Press: ? - help, Dir - move target, f/p - Nergalle
Aim: Nergalle, wielding a +0 dagger and wearing a +1 robe of willpower (almost dead, haloed, about 18% to evade your +5 hand axe)
You barely miss Nergalle.
Nergalle is almost dead.
You hit the spectral orc.
You destroy the spectral orc!
The spectral orc disappears in a puff of smoke!
Nergalle points at you and mumbles some strange words.
Orcish apparitions take form around you.
Cleave: O) +5 hand axe
Press: ? - help, Dir - move target, f/p - Nergalle
Aim: Nergalle, wielding a +0 dagger and wearing a +1 robe of willpower (almost dead, haloed, about 18% to evade your +5 hand axe)
You hit Nergalle but do no damage.
Nergalle is almost dead.
You hit the spectral orc warrior but do no damage.
The spectral orc warlord barely misses you.
Cleave: O) +5 hand axe
Press: ? - help, Dir - move target, f/p - Nergalle
Aim: Nergalle, wielding a +0 dagger and wearing a +1 robe of willpower (almost dead, haloed, about 18% to evade your +5 hand axe)
You hit Nergalle but do no damage.
Nergalle is almost dead.
You slash the spectral orc warrior! Nergalle hits you with a +0 dagger.
* * * LOW HITPOINT WARNING * * *
The spectral orc warrior misses you.
The spectral orc warlord hits you from afar with a +0 bardiche!
You die...

............... #
.....P..P...... #
............... #
####+....+##### ###
................ #+##
... .........[.......
#... # ...
................##.....#
...
.......#####...##§#...#.
... .......#
#..##@8.8.8.8 ...
.......#####..#oZZZ.....
...
.............xZ.....?...
...
..............#.........
...
..............##.8.8.8.8
...
#################.#..[#.
### #.....# #...## #+#


You could see Nergalle, 2 spectral orc warriors, a spectral orc knight
(summoned), a spectral orc warlord (summoned) and an unseen horror (invisible).

Vanquished Creatures
  A two-headed ogre (D:10)
  2 trolls
  A hornet (D:10)
  A shadow (D:9)
  2 wyverns
  A wraith (D:8)
  4 yaks
  A steam dragon (D:8)
  3 water moccasins
  2 orc warriors
  A sky beast (D:8)
  2 black bears (D:10)
  2 ogres
  2 centaurs
  2 bullfrogs
  5 kobold brigands
  A scorpion (D:6)
  9 wights
  14 killer bees
  6 howler monkeys (D:7)
  2 bombardier beetles
  A hound (D:5)
  A jelly (D:5)
  9 orc priests
  An iguana (D:5)
  2 sleepcaps
  7 orc wizards
  3 gnolls (D:4)
  A river rat (Sewer)
  3 adders
  A white imp (D:7)
  A dart slug (D:1)
  4 ribbon worms
  28 orcs
  9 ball pythons
  2 bats
  9 endoplasms
  2 giant cockroaches (D:3)
  5 goblins
  7 hobgoblins
  9 jackals
  3 quokkas
  2 frilled lizards (D:1)
  20 kobolds
  9 rats
203 creatures vanquished.

Notes
Turn   | Place    | Note
-------+----------+-------------------------------------------
     0 | D:1      | jagoly the Gargoyle Monk began the quest for the Orb.
     0 | D:1      | Reached XP level 1. HP: 14/14 MP: 1/1
    31 | D:1      | Reached skill level 3 in Axes
    31 | D:1      | Reached XP level 2. HP: 15/19 MP: 2/2
    36 | D:1      | Reached skill level 1 in Stealth
   150 | D:1      | Reached XP level 3. HP: 23/23 MP: 3/3
   331 | D:1      | Found Vudwaqon's Distillery.
   393 | D:2      | Found Bemor's Book Emporium.
   443 | D:2      | Reached XP level 4. HP: 28/29 MP: 4/4
   549 | D:3      | Found a faded altar of an unknown god.
   820 | D:4      | Reached skill level 4 in Axes
   833 | D:5      | Entered Level 5 of the Dungeon
   851 | D:5      | Reached XP level 5. HP: 21/33 MP: 1/5
   975 | D:5      | Noticed a water moccasin
   993 | D:5      | Killed a water moccasin
   994 | D:5      | Reached skill level 5 in Axes
   994 | D:5      | Reached skill level 1 in Armour
   994 | D:5      | Reached XP level 6. HP: 12/39 MP: 3/6
  1020 | D:5      | Found a glowing drain.
  1046 | Sewer    | Entered a sewer
  1128 | Sewer    | Reached XP level 7. HP: 23/44 MP: 3/7
  1147 | Sewer    | Found a glowing silver altar of Zin.
  1528 | D:4      | Reached skill level 5 in Fighting
  1569 | D:4      | Identified the +2 falchion "Ganaodgha" {heavy, Fly rC++}
  1680 | D:4      | Reached skill level 6 in Axes
  1889 | D:6      | Found a staircase to the Ecumenical Temple.
  1898 | Temple   | Entered the Ecumenical Temple
  1974 | Temple   | Became a worshipper of the Shining One
  1974 | Temple   | Reached * piety under the Shining One
  1974 | Temple   | Reached ** piety under the Shining One
  2082 | D:6      | Reached XP level 8. HP: 45/50 MP: 8/8
  2691 | D:7      | Reached skill level 7 in Axes
  2767 | D:8      | Reached XP level 9. HP: 49/56 MP: 9/9
  2847 | D:7      | Reached skill level 5 in Armour
  2950 | D:8      | Reached skill level 8 in Axes
  2956 | D:8      | Reached *** piety under the Shining One
  3379 | D:9      | Noticed a troll
  3395 | D:9      | Killed a troll
  3396 | D:9      | Reached skill level 9 in Axes
  3575 | D:8      | Reached XP level 10. HP: 31/64 MP: 10/10
  3640 | D:10     | Entered Level 10 of the Dungeon
  3707 | D:10     | Reached skill level 10 in Axes
  3754 | D:10     | Found a staircase to the Lair.
  3798 | D:10     | Identified the +7 falchion "Dusosapte" {flame, Dex+3}
  3924 | D:10     | Reached skill level 1 in Throwing
  4144 | D:11     | Reached skill level 11 in Axes
  4188 | D:12     | Noticed a gargoyle
  4219 | D:10     | Noticed a two-headed ogre
  4272 | D:10     | Killed a two-headed ogre
  4273 | D:10     | Reached skill level 1 in Invocations
  4843 | D:10     | Found Ecresk's Book Boutique.
  4871 | D:10     | Noticed an unseen horror
  4872 | D:10     | Noticed Nergalle
  4887 | D:10     | Noticed a spectral orc warlord
  4897 | D:10     | The Shining One protects you from harm!
  4901 | D:10     | HP: 3/63 [Nergalle/+0 dagger (4)]
  4901 | D:10     | Mangled by a spectral orc warlord

Illustrated notes

Levels and vault maps discovered:
D:1:      shiori_shiawase, layout_rooms, serial_shops, shop,
          kennysheep_pointless_box
D:2:      layout_basic, serial_shops, nicolae_shop_crystal, uniq_jessica
D:3:      layout_basic, nicolae_ecumenical_pavilion, grunt_decor_fettered,
          kennysheep_generic_room_9
D:4:      layout_loops_corners, serial_glass, glass_columns_b, glass_columns_a,
          glass_columns_b, glass_columns_a, kennysheep_generic_room_7
D:5:      layout_loops_corners, nicolae_sif_muna_little_library,
          cheibrodos_sewer_entry_drain, chequers_serial_rivers_room_a
D:6:      layout_gridville, minmay_temple_entry_waves
D:7:      layout_loops_corners, nicolae_overflow_quartered_altars, uniq_joseph
D:8:      layout_loops_ring
D:9:      layout_layer_cave, nicolae_two_hexagons
D:10:     layout_stronghold, david_lair_generic, serial_shops, shop,
          ebering_ghost_reflecting_pool, minmay_misc_feat_plants,
          dk_noncrumbling_3, uniq_nergalle
D:11:     layout_irregular_city, minmay_orc_entry_temple_large
D:12:     layout_cave_pods, serial_shops, nicolae_shop_back_alley_shop
Temple:   minmay_crystal_spiral_temple

Skill      XL: |  1  2  3  4  5  6  7  8  9 10 |
---------------+-------------------------------+-----
Axes           | 3 4 5 6 7 9 11 | 11.5
Stealth        | 1 2 |  2.0
Fighting       | 4 5 6 8 |  8.2
Armour         | 1 2 3 4 6 |  6.4
Dodging        | 3 4 |  4.2
Throwing       | 2 |  2.0
Invocations    | 2 |  2.0

Action                     |  1- 3 |  4- 6 |  7- 9 | 10-12 || total
---------------------------+-------+-------+-------+-------++-------
  Melee: Hand axe          |    91 |   159 |    92 |   161 ||   503
         War axe           |       |       |   252 |       ||   252
         Eveningstar       |       |       |       |     2 ||     2
  Throw: Stone             |       |     2 |     8 |     4 ||    14
         Dart              |       |       |     7 |    34 ||    41
         Boomerang         |       |       |     1 |       ||     1
 Invoke: Divine Shield     |       |       |       |     2 ||     2
    Use: Potion            |       |     1 |       |     1 ||     2
         Scroll            |       |       |       |    10 ||    10
   Stab: Sleeping          |       |     1 |       |       ||     1
 Armour: Robe              |    36 |    28 |       |       ||    64
         Ring mail         |       |    73 |   251 |   150 ||   474
  Dodge: Dodged            |    68 |    88 |   199 |   105 ||   460
         Repelled          |       |       |     1 |     1 ||     2
